Map: New Gettysburg LE

Players

Knuckles

  • Race: Protoss Protoss
  • League: Diamond

Dreadlord - Winner!

  • Race: Terran Terran
  • League: Master

VOD

Have the link to the VOD?

Description

Time

  • Played on: Nov. 7, 2016, 3:07 a.m.
  • Length: 24:38
Show
View Real Time Build Order
Export as new Build Order

Knuckles Protoss 

Build Orders: 1 Gate Expand 

Get SALT Encoding   

  12  0:01  Probe (Chrono Boost)  
  13  0:11  Probe (Chrono Boost)  
  14  0:21  Pylon  
  14  0:23  Probe (Chrono Boost)  
  15  0:39  Probe (Chrono Boost)  
  15  0:41  Gateway  
  16  0:46  Assimilator  
  16  0:50  Probe (Chrono Boost)  
  17  1:01  Probe (Chrono Boost)  
  18  1:13  Probe (Chrono Boost)  
  19  1:23  Probe (Chrono Boost)  
  20  1:30  Nexus  
  20  1:36  Cybernetics Core  
  21  1:40  Probe (Chrono Boost)  
  21  1:45  Pylon  
  21  1:50  Probe (Chrono Boost)  
  22  1:55  Assimilator  
  22  2:01  Probe (Chrono Boost)  
  23  2:11  Probe (Chrono Boost)  
  24  2:18  Adept  
  24  2:22  Mothership Core (Chrono Boost)  
  27  2:27  Warp Gate  
  27  2:45  Adept  
  27  2:48  Probe x2 (Chrono Boost)  
  31  3:01  Robotics Facility  
  31  3:03  Probe x2 (Chrono Boost)  
  33  3:14  Gateway  
  33  3:15  Adept  
  33  3:16  Gateway  
  33  3:19  Probe x2 (Chrono Boost)  
  37  3:30  Probe x2 (Chrono Boost)  
  39  3:38  Twilight Council  
  41  3:41  Probe (Chrono Boost)  
  41  3:42  Probe (Chrono Boost)  
  41  3:45  Stalker  
  41  3:46  Observer  
  43  3:52  Probe (Chrono Boost)  
  43  3:54  Probe (Chrono Boost)  
  46  3:57  Pylon  
  46  4:15  Probe (Chrono Boost)  
  46  4:16  Probe (Chrono Boost)  
  48  4:19  Blink  
  48  4:20  Immortal  
  50  4:28  Probe (Chrono Boost)  
  50  4:29  Pylon  
  50  4:30  Probe (Chrono Boost)  
  52  4:31  Assimilator  
  52  4:34  Assimilator  
  52  4:41  Probe (Chrono Boost)  
  53  4:46  Pylon  
  53  4:47  Stalker x2  
  57  4:54  Stalker  
  57  4:59  Probe (Chrono Boost)  
  61  5:01  Probe (Chrono Boost)  
  61  5:02  Pylon  
  61  5:08  Observer  
  61  5:12  Pylon  
  62  5:24  Nexus  
  62  5:25  Pylon  
  64  5:35  Probe (Chrono Boost)  
  64  5:37  Probe (Chrono Boost)  
  64  5:40  Robotics Bay  
  64  5:41  Stalker x3  
  67  6:11  Stalker x3  
  73  6:22  Gateway  
  73  6:23  Gateway  
  73  6:24  Gateway  
  73  6:36  Sentry x3  
  73  6:38  Nexus  
  73  6:39  Disruptor  
  81  7:07  Stalker x2  
  81  7:25  Stalker  
  81  7:27  Disruptor  
  86  7:44  Nexus  
  86  7:45  Pylon  
  86  7:47  Pylon  
  86  7:48  Pylon  
  86  7:51  Pylon  
  86  7:52  Pylon  
  86  8:01  Dark Shrine  
  78  8:16  Immortal  
  78  8:17  Stalker x2  
  78  8:18  Stalker x4  
  85  8:54  Stalker x6  
  93  8:57  Probe (Chrono Boost)  
  93  8:58  Probe (Chrono Boost)  
  93  8:59  Disruptor, Probe (Chrono Boost)  
  93  9:00  Forge  
  96  9:04  Pylon  
  96  9:08  Pylon  
  91  9:20  Pylon  
  91  9:27  Protoss Ground Weapons Level 1, Nexus  
  91  9:35  Stalker x3  
  97  9:40  Templar Archives  
  97  9:47  Assimilator  
  97  9:52  Assimilator  
  97  10:06  Observer  
  97  10:08  Probe (Chrono Boost)  
  97  10:09  Probe (Chrono Boost)  
  97  10:10  Probe (Chrono Boost)  
  97  10:12  Pylon  
  101  10:14  Stalker x2  
  101  10:15  Stalker x2  
  101  10:18  Probe (Chrono Boost)  
  112  10:21  Probe (Chrono Boost)  
  112  10:22  Probe (Chrono Boost)  
  112  10:35  Stalker x2  
  112  10:40  Probe (Chrono Boost)  
  112  10:42  Probe x2 (Chrono Boost)  
  117  10:46  Observer  
  118  10:53  Stalker x3  
  118  10:54  Stalker  
  126  11:00  Pylon  
  126  11:02  Immortal  
  129  11:18  Protoss Ground Weapons Level 2  
  125  11:29  Nexus  
  125  11:36  Probe (Chrono Boost)  
  125  11:38  Probe x2 (Chrono Boost)  
  125  11:39  Photon Cannon  
  128  11:41  Photon Cannon  
  128  11:42  Photon Cannon  
  128  11:44  Photon Cannon  
  128  11:50  Probe (Chrono Boost)  
  129  12:02  Photon Cannon  
  129  12:06  Pylon  
  129  12:08  Disruptor  
  129  12:10  Pylon  
  129  12:14  High Templar  
  129  12:15  High Templar x5  
  112  12:55  Stalker x6  
  116  13:12  Immortal  
  114  13:13  Archon x3  
  118  13:20  Probe (Chrono Boost), Protoss Ground Armor Level 1  
  118  13:22  Probe x2 (Chrono Boost)  
  118  13:23  High Templar x6  
  133  13:27  Archon  
  133  13:28  Archon x2  
  133  13:41  Probe x2 (Chrono Boost)  
  128  13:42  Probe (Chrono Boost)  
  122  13:48  Observer  
  122  13:51  Probe (Chrono Boost)  
  122  13:53  Probe (Chrono Boost)  
  118  14:05  Nexus  
  118  14:08  Pylon  
  116  14:10  Pylon  
  116  14:13  Pylon  
  114  14:31  Photon Cannon  
  114  14:32  Photon Cannon  
  114  14:33  Observer  
  111  14:42  Probe (Chrono Boost)  
  111  14:43  Probe (Chrono Boost)  
  111  14:44  Probe (Chrono Boost)  
  114  14:52  Stalker x6  
  124  14:53  Protoss Ground Weapons Level 3  
  124  15:19  Gateway  
  124  15:20  Gateway  
  89  15:37  Stalker x3  
  89  15:38  Stalker  
  89  15:39  Stalker x2  
Show
View Real Time Build Order
Export as new Build Order

Dreadlord Terran - Winner!

Build Orders: Reaper Expand 

Get SALT Encoding   

  12  0:01  SCV  
  13  0:13  SCV  
  14  0:19  Supply Depot  
  14  0:27  SCV  
  15  0:31  Refinery  
  15  0:40  SCV  
  16  0:47  Barracks  
  16  0:53  SCV  
  17  1:05  SCV  
  18  1:17  SCV  
  19  1:34  Orbital Command  
  19  1:35  Reaper  
  20  1:53  Command Center  
  20  2:00  Factory  
  20  2:02  SCV  
  21  2:14  SCV  
  22  2:15  Refinery  
  22  2:24  Supply Depot  
  22  2:28  SCV  
  23  2:30  Barracks Tech Lab  
  23  2:45  SCV  
  24  2:58  SCV  
  25  2:59  Factory  
  25  3:01  Cyclone  
  29  3:06  Barracks Reactor  
  29  3:09  Orbital Command  
  29  3:10  SCV  
  30  3:22  SCV  
  30  3:34  SCV  
  30  3:37  SCV  
  30  3:38  Supply Depot  
  30  3:40  Supply Depot, Cyclone  
  36  3:43  Mag-Field Accelerator  
  36  3:46  SCV  
  37  3:51  SCV  
  38  3:58  SCV  
  39  4:03  SCV  
  39  4:08  Hellion  
  39  4:09  Hellion  
  44  4:10  SCV  
  44  4:15  SCV  
  46  4:18  Cyclone  
  46  4:22  SCV  
  51  4:27  SCV  
  52  4:31  Engineering Bay  
  52  4:35  Hellion  
  52  4:37  SCV  
  55  4:42  Hellion  
  57  4:50  SCV  
  57  4:51  Cyclone  
  62  5:00  Missile Turret, Widow Mine  
  62  5:01  SCV  
  62  5:02  SCV  
  62  5:03  Widow Mine  
  62  5:06  Missile Turret  
  68  5:12  Supply Depot  
  68  5:13  SCV  
  69  5:14  SCV  
  69  5:15  Supply Depot  
  70  5:24  Cyclone  
  70  5:25  SCV  
  70  5:27  SCV  
  76  5:37  SCV  
  76  5:39  SCV  
  76  5:41  Hellion x2  
  82  5:49  SCV  
  83  5:56  Cyclone  
  87  6:02  Hellion  
  89  6:10  Hellion  
  89  6:11  SCV x2  
  89  6:15  Refinery x2  
  89  6:16  Command Center  
  89  6:23  Factory, Hellion  
  89  6:25  Factory  
  91  6:27  SCV  
  91  6:28  SCV  
  93  6:34  Supply Depot  
  93  6:35  Supply Depot  
  93  6:39  Supply Depot, SCV  
  94  6:52  Hellion  
  94  6:55  Cyclone  
  94  6:56  Hellion  
  100  7:05  SCV x2  
  102  7:10  Supply Depot, Armory  
  102  7:12  Supply Depot  
  102  7:13  Supply Depot  
  102  7:14  Hellion  
  94  7:17  SCV  
  94  7:21  Factory Tech Lab x2  
  94  7:22  SCV  
  92  7:28  Cyclone  
  92  7:29  SCV  
  95  7:31  Hellion  
  95  7:34  SCV  
  95  7:35  Factory, Hellion  
  95  7:36  Factory  
  99  7:41  SCV  
  99  7:42  Sensor Tower  
  99  7:46  SCV  
  99  7:47  Cyclone x2  
  108  7:53  SCV  
  109  7:58  SCV  
  109  8:00  Cyclone  
  109  8:05  SCV  
  109  8:07  Widow Mine x2  
  105  8:19  Cyclone  
  107  8:23  Cyclone, Factory Reactor  
  107  8:24  Factory Tech Lab  
  111  8:32  Cyclone  
  115  8:45  Cyclone, Widow Mine x2  
  115  8:51  Cyclone  
  115  8:54  Widow Mine  
  111  9:03  Widow Mine  
  109  9:10  Widow Mine x2  
  109  9:12  SCV  
  109  9:13  Widow Mine  
  116  9:17  Cyclone  
  116  9:20  Command Center, Hellion  
  116  9:23  Cyclone, Hellion  
  128  9:33  Hellion  
  130  9:51  SCV x2  
  130  9:52  Missile Turret x2  
  132  9:54  Refinery, Hellion x3  
  132  9:55  Command Center, Refinery, Hellion x2  
  132  9:56  Terran Vehicle And Ship Armor Level 1  
  132  9:57  Sensor Tower  
  142  10:02  Orbital Command  
  142  10:03  SCV  
  143  10:14  Widow Mine  
  143  10:15  Cyclone x2, Widow Mine  
  143  10:18  Drilling Claws  
  155  10:23  Widow Mine  
  157  10:31  Hellion x2  
  157  10:33  Supply Depot x2  
  157  10:35  Supply Depot  
  159  10:50  Cyclone x2, Widow Mine x2  
  159  10:54  Cyclone, Widow Mine  
  177  11:04  SCV x2  
  177  11:06  Hellion x2  
  175  11:19  Cyclone  
  175  11:22  Cyclone  
  175  11:23  Cyclone, Widow Mine x2  
  185  11:26  Widow Mine  
  185  11:27  Cyclone  
  185  11:32  Widow Mine  
  189  11:41  Orbital Command  
  189  11:47  Missile Turret  
  189  11:51  Cyclone, Starport  
  189  11:52  Hellion x2  
  197  11:55  Widow Mine  
  199  12:10  Missile Turret  
  199  12:11  Missile Turret  
  199  12:12  Terran Vehicle And Ship Armor Level 2  
  199  12:18  Factory  
  199  12:19  Factory  
  199  12:21  Factory  
  199  12:22  Planetary Fortress  
  199  12:29  Sensor Tower  
  199  12:31  Refinery  
  199  12:32  Refinery  
  193  12:48  Widow Mine x2  
  193  12:49  Cyclone  
  199  13:11  Widow Mine  
  199  13:12  Cyclone x2  
  199  13:15  SCV  
  199  13:19  Starport Reactor  
  182  13:48  Widow Mine  
  182  13:49  Cyclone x3, Widow Mine x4  
  196  14:02  SCV  
  197  14:06  Medivac  
  197  14:08  Infernal Pre-Igniter  
  199  14:21  Starport  
  199  14:22  Starport  
  199  14:23  Starport  
  199  14:25  Command Center  
  199  14:27  Command Center  
  199  14:33  Command Center  
  199  14:35  Command Center  
  199  14:36  Command Center, Terran Vehicle And Ship Armor Level 3  
  199  15:03  Starport Tech Lab x3  
  199  15:06  Factory Tech Lab, Factory Reactor  
  193  15:14  Refinery  
  193  15:16  Refinery  
  167  15:36  Cyclone x3, Widow Mine x5  
  143  15:50  Widow Mine x2  
  143  15:51  Cyclone x2  
  155  15:58  Cloaking Field  
  155  16:03  Fusion Core  
  155  16:04  Widow Mine x2  
  155  16:07  Armory  
  155  16:08  Cyclone  
  155  16:11  Factory Tech Lab  
  155  16:18  Factory  
  155  16:20  Factory  
  155  16:21  Factory  
  155  16:26  Factory  
  155  16:30  Factory  
  155  16:34  Factory  
  155  17:13  Terran Ship Weapons Level 1  
  155  18:16  Command Center  
  155  18:20  Command Center  
  155  18:31  Orbital Command  
  155  18:56  Command Center  
  155  18:57  Command Center  
  155  19:01  Command Center  
  155  19:02  Command Center x2  
  155  19:03  Command Center  
  155  19:05  Orbital Command x4  
  155  19:08  Hellion x11  
  155  19:09  Terran Vehicle Weapons Level 1, Terran Ship Weapons Level 2  
  155  19:10  Weapon Refit  
  155  19:26  Factory Reactor  
  155  19:27  Factory Tech Lab x2, Factory Reactor  
  155  19:28  Factory Tech Lab, Factory Reactor  
  155  19:39  Starport x2  
  155  19:41  Starport x2  
  155  19:42  Starport x2  
  155  19:43  Starport  
  155  19:53  Behemoth Reactor  
  155  19:59  Refinery  
  155  20:01  Refinery  
  155  20:20  Orbital Command x2  
  155  20:22  Starport  
  155  20:25  Cyclone x3, Widow Mine  
  155  20:32  Starport Tech Lab  
  155  20:33  Starport Tech Lab x4  
  155  20:35  Starport Tech Lab x2  
  155  20:39  Hyperflight Rotors, Advanced Ballistics, Explosive Shrapnel Shells  
  155  20:48  Orbital Command x2  
  155  20:49  Orbital Command  
  155  20:50  Orbital Command x2  
  155  20:54  Planetary Fortress  
  155  21:02  Missile Turret x2  
  155  21:03  Missile Turret  
  155  21:05  Missile Turret  
  155  21:10  Refinery  
  155  21:11  Refinery  
  155  21:22  Refinery  
  155  21:25  Refinery, Terran Vehicle Weapons Level 2  
  155  21:26  Terran Ship Weapons Level 3  
  155  21:27  Missile Turret  
  155  21:43  Sensor Tower  
  155  21:46  Refinery  
  155  21:51  Refinery  
  155  21:57  Corvid Reactor  
  155  21:59  SCV  
  155  22:30  Starport Tech Lab  
  155  22:36  Building Armor  
  155  23:18  Missile Turret x2  
  155  23:38  Missile Turret  
  155  23:41  Command Center  
  155  23:48  Command Center x2  
  155  23:49  Command Center  
  155  23:51  Command Center  
  155  23:56  Command Center  
  155  23:59  Command Center  
  155  24:08  Command Center  
  155  24:10  Command Center  
Tags
 
Add a new tag
Caveats
  • Supply blocks, unpowered buildings, or Contaminate may cause inaccurate times.
  • Supply counts are checked every 10 seconds.